 Dungeon Crawl Stone Soup version 0.27-a0-899-ge2d0b17c59 (webtiles) character file.

Game seed: 6046959634986422028

68 mhtbhm the Skirmisher (level 4, -1/29 HPs)
             Began as a Gargoyle Berserker on Apr 5, 2021.
             Was a Believer of Trog.
             Slain by Robin
             ... wielding a +0 mace
              (5 damage)
             ... on level 2 of the Dungeon.
             The game lasted 00:01:37 (1526 turns).

mhtbhm the Skirmisher (Gargoyle Berserker)          Turns: 1526, Time: 00:01:38

Health: -1/29      AC:  7    Str: 21    XL:     4   Next: 19%
Magic:  4/4        EV: 12    Int:  8    God:    Trog [**....]
Gold:   135        SH:  0    Dex:  9    Spells: 3/3 levels left

rFire    . . .     SeeInvis +   a - +0 morningstar
rCold    . . .     Faith    .   (no shield)
rNeg     + . .     Spirit   .   b - +0 animal skin
rPois    ∞         Reflect  .   e - +2 hat
rElec    +         Harm     .   (no cloak)
rCorr    .         Rampage  .   (no gloves)
Will     .....                  (no boots)
Stlth    +.........             (no amulet)
HPRegen  0.09/turn              d - ring of see invisible
MPRegen  0.09/turn              (no ring)

@: berserk cooldown, slowed, very slow
A: AC +3, negative energy resistance 1, electricity resistance, torment
resistance 1, unbreathing 1, petrification resistance
a: Renounce Religion, Berserk, Trog's Hand


You were on level 2 of the Dungeon.
You worshipped Trog.
Trog was pleased with you.
You visited 1 branch of the dungeon, and saw 2 of its levels.

You collected 135 gold pieces.

Inventory:

Hand Weapons
 a - a +0 morningstar (weapon)
Armour
 b - a +0 animal skin (worn)
 e - a +2 hat (worn)
Jewellery
 d - a ring of see invisible (left hand)
Scrolls
 c - a scroll of amnesia {unknown}
 f - a scroll of magic mapping {unknown}
 g - a scroll of enchant armour {unknown}
Potions
 h - a potion of resistance {unknown}


   Skills:
 + Level 4.1 Fighting
 + Level 3.9 Maces & Flails
 + Level 2.3 Armour
 + Level 2.0 Dodging
 + Level 0.5 Stealth


You had 3 spell levels left.
You didn't know any spells.
Your spell library was empty.

Dungeon Overview and Level Annotations

Branches:
Dungeon (2/15)

Altars:

Annotations:
D:2 Robin


Innate Abilities, Weirdness & Mutations

Your stone body is resilient. (AC +3)
You are immune to poison.
You resist negative energy. (rN+)
You are resistant to electric shocks. (rElec)
You are resistant to unholy torment.
You can survive without breathing.
You are immune to petrification.


Message History

You kill the hobgoblin!
Trog accepts your kill. The hobgoblin completely misses you.
You barely miss the hobgoblin.
The hobgoblin no longer looks unusually strong.
The hobgoblin barely misses you. x2
You thump the hobgoblin!
You kill the hobgoblin!
Trog accepts your kill. Robin closely misses you.
You barely miss Robin. Robin hits you with a +0 mace. Robin misses you.
You barely miss Robin. Robin hits you but does no damage.
Robin hits you with a +0 mace.
You barely miss Robin. Robin hits you with a +0 mace.
Robin hits you but does no damage.
You are too injured to fight recklessly!
You are too injured to fight recklessly!
You are too injured to fight recklessly!
You are too injured to fight recklessly!
You are too injured to fight recklessly!
You are too injured to fight recklessly!
You are too injured to fight recklessly!
You are too injured to fight recklessly!
You are too injured to fight recklessly!
You are too injured to fight recklessly!
You are too injured to fight recklessly!
You are too injured to fight recklessly!
You closely miss Robin. Robin misses you.
Robin says, "Feeling lonely?"
Robin hits you with a +0 mace.
You sock Robin!
Robin is severely wounded.
Robin hits you with a +0 mace.
* * * LOW HITPOINT WARNING * * *
Robin hits you with a +0 mace.
* * * LOW HITPOINT WARNING * * *
You hit Robin.
Robin is almost dead.
Robin hits you with a +0 mace.
You die...

##############
#............#
###
#.##########)#
..###.######
#.#
...........#
#)#
...#######.#
#@# ..........
#g# ...######.
#...ggg#
.....#
#....#.#
#..#.# ...#.#
#..#.##.
#..#.#
#....... ...#
# #.......
##.# ........
.#


You could see Robin.

Vanquished Creatures
  A dart slug (D:1)
  2 ball pythons (D:1)
  4 bats
  7 endoplasms
  A giant cockroach (D:2)
  6 goblins
  6 hobgoblins
  14 jackals (D:1)
  A frilled lizard (D:1)
  6 kobolds (D:1)
  5 rats (D:1)
53 creatures vanquished.

Vanquished Creatures (others)
  A goblin (D:2)
  6 plants (D:1)
7 creatures vanquished.

Grand Total: 60 creatures vanquished

Notes
Turn   | Place    | Note
-------+----------+-------------------------------------------
     0 | D:1      | mhtbhm the Gargoyle Berserker began the quest for the Orb.
     0 | D:1      | Reached XP level 1. HP: 14/14 MP: 1/1
    42 | D:1      | Reached XP level 2. HP: 17/19 MP: 2/2
   131 | D:1      | Reached XP level 3. HP: 11/24 MP: 3/3
   516 | D:1      | Reached ** piety under Trog
   830 | D:1      | Reached skill level 4 in Fighting
  1439 | D:2      | Reached XP level 4. HP: 29/29 MP: 4/4
  1487 | D:2      | Noticed Robin
  1526 | D:2      | Slain by Robin

Illustrated notes

Levels and vault maps discovered:
D:1:      minmay_arrival_cross, layout_basic, serial_forest,
          infiniplex_forest_straight_3, infiniplex_forest_zigzag_1,
          infiniplex_forest_zigzag_1, infiniplex_forest_end_double,
          infiniplex_forest_join, infiniplex_forest_straight_3,
          infiniplex_forest_clump_medium, infiniplex_forest_fountain
D:2:      layout_loops_ring, minmay_tiny_reverse_x, uniq_crazy_yiuf_cottage,
          uniq_robin

Skill      XL: |  1  2  3  4 |
---------------+-------------+-----
Fighting       | 4 |  4.1
Dodging        | 2 |  2.0
Maces & Flails | |  3.9
Armour         | |  2.3
Stealth        | |  0.5

Action                   |  1- 3 |  4- 6 || total
-------------------------+-------+-------++-------
Melee: Mace              |    94 |       ||    94
       Morningstar       |    11 |    33 ||    44
Invok: Berserk           |     2 |     1 ||     3
 Stab: Distracted        |     1 |       ||     1
       Sleeping          |     1 |       ||     1
Armor: Animal skin       |    66 |    12 ||    78
Dodge: Dodged            |   108 |    28 ||   136

Table legend: (Time is in decaauts)
 A = Elapsed time spent in this place.
 B = Non-inter-level travel time spent in this place.
 C = Inter-level travel time spent in this place.
 D = Time resting spent in this place.
 E = Time spent auto-exploring this place.
 F = Levels seen in this place.
 G = Mean time per level.
                   A        B        C        D        E       F      G
               +--------+--------+--------+--------+--------+-----+--------+
         Total |   1576 |   1538 |     38 |    305 |    893 |   2 |  788.0 |
       Dungeon |   1576 |   1538 |     38 |    305 |    893 |   2 |  788.0 |
               +--------+--------+--------+--------+--------+-----+--------+

Top non-repeatable levels by time:
     D:1: 1294 daAuts
     D:2: 281 daAuts
